 Dungeon Crawl Stone Soup version 0.28-a0-32-g8dfe7f97f6 (webtiles) character file.

Game seed: 15496703316549067477

2 zezblit the Skirmisher (level 1, -2/18 HPs)
             Began as a Demonspawn Berserker on July 27, 2021.
             Was a Follower of Trog.
             Slain by a quokka (4 damage)
             ... on level 1 of the Dungeon.
             The game lasted 00:00:41 (117 turns).

zezblit the Skirmisher (Demonspawn Berserker)        Turns: 117, Time: 00:00:41

Health: -2/18      AC:  2    Str: 17    XL:     1   Next: 33%
Magic:  1/1        EV:  9    Int:  8    God:    Trog [*.....]
Gold:   0          SH:  0    Dex: 12    Spells: 0/0 levels left

rFire   . . .      SeeInvis .   a - +0 mace
rCold   . . .      Faith    .   (no shield)
rNeg    . . .      Spirit   .   b - +0 animal skin
rPois   .          Reflect  .   (no helmet)
rElec   .          Harm     .   (no cloak)
rCorr   .          Rampage  .   (no gloves)
Will    .....                   (no boots)
Stlth   +.........              (no amulet)
HPRegen 0.06/turn               (no ring)
MPRegen 0.07/turn               (no ring)

@: constricted
A: no striking features
a: Renounce Religion, Berserk


You were on level 1 of the Dungeon.
You worshipped Trog.
Trog was aware of your devotion.
You visited 1 branch of the dungeon, and saw 2 of its levels.

Inventory:

Hand Weapons
 a - a +0 mace (weapon)
Armour
 b - a +0 animal skin (worn)
Scrolls
 c - a scroll of teleportation {unknown}


   Skills:
 + Level 3.1 Fighting
 + Level 2.7 Maces & Flails
 + Level 1.7 Armour
 + Level 1.7 Dodging


You couldn't memorise any spells.
You didn't know any spells.
Your spell library was empty.

Dungeon Overview and Level Annotations

Branches:
Dungeon (2/15)

Altars:


Message History

Found a leather armour, 16 stones and a scroll labelled XEMECUR COAD BEEM.
Found a stone staircase leading down.
There is a stone staircase leading up here.
The helpless worm fails to defend itself.
You hit the worm.
The worm is lightly wounded.
You barely miss the worm.
The worm is lightly wounded.
The worm bites you.
You hit the worm but do no damage.
The worm is lightly wounded.
The worm bites you but does no damage.
You hit the worm but do no damage. You hit the worm.
The worm is moderately wounded.
The worm barely misses you.
You sock the worm!
The worm is severely wounded.
The rat bites you but does no damage. The worm bites you but does no damage.
The rat bites you.
You climb upwards.
The ball python barely misses you.
The ball python closely misses you. x2; The ball python grabs you.
The ball python constricts you.
There is a stone staircase leading down here.
You escape the ball python's grasp.
The ball python barely misses you. The ball python grabs you.
The ball python constricts you. The rat bites you but does no damage.
You hit the rat.
You kill the rat!
Trog accepts your kill. The quokka barely misses you.
The ball python closely misses you. The ball python constricts you.
The worm barely misses you. The quokka bites you.
You completely miss the quokka. The ball python barely misses you.
The ball python constricts you. The quokka barely misses you.
The ball python bites you. The ball python constricts you. The worm bites you!
* * * LOW HITPOINT WARNING * * *
The ball python's grasp on you weakens, but your attempt to escape fails.
The quokka bites you.
You die...

#####.......
#..........# #..........
####.........
#..........#
#..........# ##
#......S...############.
#......@w.............#.
#......†r..##########.#.
#..........# #.#.
#..........# #.#.
#............ #.#.
##########...# #.#.
#...# #... #$..# #.#.
#...# #.#.


You could see a worm, a quokka and a ball python.

Vanquished Creatures
  A bat (D:1)
  2 rats (D:1)
3 creatures vanquished.

Notes
Turn   | Place    | Note
-------+----------+-------------------------------------------
     0 | D:1      | zezblit the Demonspawn Berserker began the quest for the
                  | Orb.
     0 | D:1      | Reached XP level 1. HP: 18/18 MP: 1/1
   117 | D:1      | Slain by a quokka

Illustrated notes

Levels and vault maps discovered:
D:1:      matt_arrival_refuge, layout_basic
D:2:      layout_rooms, chequers_ecumenical_altar_simple_redux,
          minmay_misc_feat_tiny, chequers_serial_rivers_room_a

Action                   || total
-------------------------++-------
Melee: Mace              ||    11
 Stab: Sleeping          ||     1
Armor: Animal skin       ||     4
Dodge: Dodged            ||    11

Table legend: (Time is in decaauts)
 A = Elapsed time spent in this place.
 B = Non-inter-level travel time spent in this place.
 C = Inter-level travel time spent in this place.
 D = Time resting spent in this place.
 E = Time spent auto-exploring this place.
 F = Levels seen in this place.
 G = Mean time per level.
                   A        B        C        D        E       F      G
               +--------+--------+--------+--------+--------+-----+--------+
         Total |    120 |    120 |      0 |      0 |     87 |   2 |   60.0 |
       Dungeon |    120 |    120 |      0 |      0 |     87 |   2 |   60.0 |
               +--------+--------+--------+--------+--------+-----+--------+

Top non-repeatable levels by time:
     D:1: 110 daAuts
     D:2: 9 daAuts
